 Dungeon Crawl Stone Soup version 0.16.0-18-g484a79e (console) character file.

68 gw the Gusty (level 4, 0/28 HPs)
             Began as a High Elf Air Elementalist on Mar 23, 2015.
             Slain by Sigmund
             ... wielding a +0 scythe
              (14 damage)
             ... on level 2 of the Dungeon.
             The game lasted 00:02:16 (2279 turns).

gw the Gusty (High Elf Air Elementalist)            Turns: 2279, Time: 00:02:16

Health: 0/28       AC:  3    Str:  7    XL:     4   Next: 1%
Magic:  9/12       EV: 12    Int: 19    God:
Gold:   65         SH:  0    Dex: 16    Spells: 4 memorised, 1 level left

rFire  . . .     SeeInvis .     a - +0 short sword
rCold  . . .     Clarity  .     n - +0 leather armour
rNeg   . . .     SustAb   .     (no shield)
rPois  .         Gourm    .     (no helmet)
rElec  .         Spirit   .     (no cloak)
rCorr  .         Warding  .     (no gloves)
rMut   .         Stasis   .     (no boots)
MR     .....                    (no amulet)
Stlth  ++........               (no ring)
                                (no ring)

@: repel missiles, not resistant to hostile enchantments, unstealthy
A: no striking features
a: no special abilities


You were on level 2 of the Dungeon.
You were not hungry.

You visited 1 branch of the dungeon, and saw 2 of its levels.

You collected 65 gold pieces.

Inventory:

Hand weapons
 a - a +0 short sword (weapon)
Missiles
 h - 30 arrows
Armour
 n - a +0 leather armour (worn)
Scrolls
 d - a scroll of enchant armour
 e - a scroll of enchant weapon {unknown}
 i - a scroll of teleportation {unknown}
 k - a scroll of identify {unknown}
Potions
 c - a potion of might
 f - 2 potions of curing {unknown}
 j - a potion of resistance {unknown}
 l - a potion of poison {unknown}
Books
 b - a book of Air

   Spells                             Type                      Level
   a - Shock                          Conjuration/Air              1
   b - Swiftness                      Charms/Air                   2
   c - Repel Missiles                 Charms/Air                   2
   d - Flight                         Charms/Air                   3
   e - Static Discharge               Conjuration/Air              3
   f - Lightning Bolt                 Conjuration/Air              5
Comestibles
 g - a bread ration
 m - a beef jerky


   Skills:
 + Level 1.3 Fighting
 + Level 2.9 Dodging
 - Level 2.1 Stealth
 * Level 3.4 Spellcasting
 - Level 1.1 Conjurations
 + Level 4.3 Air Magic


You had one spell level left.
You knew the following spells:

 Your Spells              Type           Power        Failure   Level  Hunger
a - Shock                 Conj/Air       ##..         10%         1    None
b - Swiftness             Chrm/Air       ##......     14%         2    ##.....
c - Repel Missiles        Chrm/Air       ##....       14%         2    ##.....
d - Flight                Chrm/Air       ##........   28%         3    ###....


Dungeon Overview and Level Annotations

Branches:
Dungeon (2/15)

Altars:
Ashenzari

Annotations:
D:2 Sigmund


Message History

Unknown command.
Unknown command.
ATTACKING (0,-1)
You swing at nothing.
Something hits you!
Unknown command.
Unknown command.
Unknown command.
Unknown command.
ATTACKING (0,-1)
You swing at nothing.
Something hits you.
Unknown command.
Unknown command.
Unknown command.
Unknown command.
ATTACKING (0,-1)
You hit something.
You feel less confused. Something hits you!
Ouch! That really hurt!
You die...

####### ...>..#
#####.############
#............#
############.# #######
#.# ..#...# #.#
#.#.#.### #e#
#...#...##### #{#
#.####......####.#####
#.<.#...###...........
#.#.##.## ##'###.#####
#.#.##.# #.###.#
#.###..#####..##..
#.##....)......##.
[.'...7..>..7...+.


There were no monsters in sight!

Table legend:
 A = Turns spent in this place as a percentage of turns spent in the entire game.
 B = Non-inter-level travel turns spent in this place as a percentage of non-inter-level travel turns spent in the entire game.
 C = Inter-level travel turns spent in this place as a percentage of turns spent in this place.
 D = Turns resting spent in this place as a percentage of non-inter-level travel turns spent in this place.
 E = Turns spent auto-exploring this place as a percentage of non-inter-level travel turns spent in this place.
 F = Non-inter-level travel turns spent in this place divided by the number of levels of this place that you've seen.
                   A       B       C       D       E      F
               +-------+-------+-------+-------+-------+----------------------
         Total | 100.0 | 100.0 |   0.1 |   3.9 |   2.8 | 1293.5
       Dungeon | 100.0 | 100.0 |   0.1 |   3.9 |   2.8 | 1293.5
               +-------+-------+-------+-------+-------+----------------------

Table legend:
 A = Kills in this place as a percentage of kills in entire the game.
 B = Kills by you in this place as a percentage of kills by you in the entire game.
 C = Kills by friends in this place as a percentage of kills by friends in the entire game.
 D = Other kills in this place as a percentage of other kills in the entire game.
 E = Experience gained in this place as a percentage of experience gained in the entire game.
 F = Experience gained in this place divided by the number of levels of this place that you have seen.
                   A       B       C       D       E      F
               +-------+-------+-------+-------+-------+----------------------
         Total | 100.0 | 100.0 |  -nan |  -nan | 100.0 |  49.0
       Dungeon | 100.0 | 100.0 |  -nan |  -nan | 100.0 |  49.0
               +-------+-------+-------+-------+-------+----------------------

Vanquished Creatures
  A gnoll (D:1)
  A giant mite (D:2)
  A worm (D:2)
  2 oozes
  A ball python (D:1)
  A giant cockroach (D:2)
  8 hobgoblins
  2 quokkas (D:2)
  8 bats (D:1)
  2 giant newts (D:1)
  3 goblins (D:1)
  7 kobolds
  6 rats
43 creatures vanquished.

Notes
Turn   | Place    | Note
--------------------------------------------------------------
     0 | D:1      | gw, the High Elf Air Elementalist, began the quest for the Orb.
     0 | D:1      | Reached XP level 1. HP: 11/11 MP: 4/4
    91 | D:1      | Reached XP level 2. HP: 16/18 MP: 0/6
   144 | D:1      | Learned a level 2 spell: Swiftness
   147 | D:1      | Learned a level 2 spell: Repel Missiles
   726 | D:1      | Reached skill level 4 in Air Magic
   785 | D:1      | Reached skill level 1 in Fighting
   785 | D:1      | Reached XP level 3. HP: 19/23 MP: 3/9
   877 | D:1      | Learned a level 3 spell: Flight
  1861 | D:2      | Found a shattered altar of Ashenzari.
  2120 | D:2      | Reached XP level 4. HP: 28/28 MP: 0/12
  2268 | D:2      | Noticed Sigmund
  2279 | D:2      | Slain by Sigmund

Action                   |  1- 3 |  4- 6 || total
-------------------------+-------+-------++-------
Melee: Club              |     3 |       ||     3
       Short sword       |    30 |     2 ||    32
 Cast: Shock             |    86 |     4 ||    90
       Repel Missiles    |     1 |       ||     1
  Use: Scroll            |     2 |       ||     2
       Potion            |     2 |       ||     2
  Eat: Bread ration      |     1 |       ||     1

Vault maps used:
D:1:      ncdulo_smallfort, minmay_misc_feat_pillars, minivault_5, minmay_cupped
D:2:      nicolae_overflow_crystal_walls, grunt_ministairs_15, uniq_sigmund
